 Dungeon Crawl Stone Soup version 0.20.1-1-g8b1a95d (webtiles) character file.

17355 Gremour the Cleaver (level 12, -3/110 HPs)
             Began as a Hill Orc Fighter on Dec 12, 2017.
             Was a Priest of Yredelemnul.
             Killed from afar by a fire dragon (41 damage)
             ... with a blast of flame
             ... on level 11 of the Dungeon on Dec 13, 2017.
             The game lasted 01:32:34 (14940 turns).

Gremour the Cleaver (Hill Orc Fighter)             Turns: 14940, Time: 01:32:35

Health: -3/110     AC: 28    Str: 25      XL:     12   Next: 47%
Magic:  18/18      EV:  7    Int:  9 (11) God:    Yredelemnul [***...]
Gold:   26         SH:  0    Dex: 27      Spells: 11/11 levels left

rFire    . . .     SeeInvis .   b - +4 executioner's axe (chop)
rCold    . . .     Gourm    .   (shield currently unavailable)
rNeg     . . .     Faith    .   R - +3 plate armour {rPois}
rPois    +         Spirit   .   P - +2 hat {Int+3}
rElec    +         Reflect  .   p - +1 cloak of Hedge Wizardry {-Cast +Inv rElec Dex+6}
rCorr    .         Harm     .   V - +2 pair of gloves "Qypoeck" {-Cast MR+ Regen+ Dex+9}
MR       +....     Clarity  +   (no boots) Stlth ..........NoCast +
                                (no amulet)
Regen    0.7/turn               s - +1 ring of protection
MPRegen  0.2/turn               v - ring of flight

@: mighty, about to teleport, injury mirror, studying Shields
A: horns 1, thin metallic scales 2, clarity, clumsy 1, deterioration 1
a: Recall Undead Slaves, Injury Mirror, Animate Dead, Renounce Religion, Evoke
Invisibility, Evoke Flight


You were on level 11 of the Dungeon.
You worshipped Yredelemnul.
Yredelemnul was most pleased with you.
You were not hungry.

You visited 2 branches of the dungeon, and saw 12 of its levels.
You also visited: Labyrinth.

You collected 643 gold pieces.
You spent 617 gold pieces at shops.

Inventory:

Hand Weapons
 a - a +5 war axe of chopping
 b - a +4 executioner's axe of chopping (weapon)
 d - a +0 whip of venom
 t - a +1 war axe
Missiles
 h - 30 tomahawks (quivered)
Armour
 c - a +2 shield
 p - the +1 cloak of Hedge Wizardry (worn) {-Cast +Inv rElec Dex+6}
   (You found it on level 11 of the Dungeon)

   It affects your dexterity (+6).
   It insulates you from electricity.
   It lets you turn invisible.
   It prevents spellcasting.
 r - a +3 leather armour of fire resistance
 D - +0 acid dragon scales
 P - a +2 hat of intelligence (worn)
 R - a +3 plate armour of poison resistance (worn)
 V - the +2 pair of gloves "Qypoeck" (worn) {-Cast MR+ Regen+ Dex+9}
   (You bought it in a shop on level 8 of the Dungeon)

   It affects your dexterity (+9).
   It affects your resistance to hostile enchantments.
   It prevents spellcasting.
   It increases your rate of regeneration.
Jewellery
 g - an uncursed ring of ice
 s - a +1 ring of protection (left hand)
 v - a ring of flight (right hand)
 G - an uncursed ring of magical power
 K - the ring "Xemiot" {MR+ Dex+3 SInv, unknown}
   (You found it in a labyrinth)

   [ring of see invisible]

   It affects your dexterity (+3).
   It affects your resistance to hostile enchantments.
   It lets you see invisible.
Wands
 w - a wand of confusion (30/48)
 A - a wand of digging (7/24)
 C - a wand of disintegration (14/24)
 E - a wand of flame (15/48)
 H - a wand of random effects (25/48)
 M - a wand of polymorph (11/24)
Scrolls
 i - 2 scrolls of identify
 j - 4 scrolls of remove curse
 x - a scroll of amnesia
 y - 3 scrolls of immolation
 J - 2 scrolls of teleportation
 L - a scroll of fog
Potions
 k - a potion of brilliance
 m - 2 potions of flight
 n - 3 potions of mutation
 u - a potion of heal wounds
 z - a potion of magic
 B - 3 potions of curing
Books
 I - a book of the Warp

   Spells                             Type                      Level
   a - Gell's Gravitas                Translocation                3
   b - Portal Projectile              Hexes/Translocation          3
   c - Force Lance                    Conjuration/Translocation    4
   d - Dispersal                      Translocation                6
   e - Controlled Blink               Translocation                8
   f - Disjunction                    Translocation                8
 O - a manual of Shields
Miscellaneous
 q - a fan of gales (inert)
 Q - a box of beasts
 S - a fan of gales (inert)
 T - a lamp of fire
Comestibles
 e - 3 fruits
 f - 14 bread rations
 l - 9 meat rations
 o - 4 royal jellies


   Skills:
 * Level 11.4 Fighting
 + Level 14.5 Axes
 * Level 8.2 Armour
 + Level 14.1 Shields
 * Level 8.0 Invocations
 + Level 0.4 Evocations


You had 11 spell levels left.
You didn't know any spells.

Dungeon Overview and Level Annotations

Branches:
Dungeon (11/15)            Temple (1/1) D:7            Lair (0/6) D:8
    Orc (0/2) D:9

Altars:
Ashenzari
Cheibriados
Dithmenos
Elyvilon
Fedhas
Gozag
Hepliaklqana
Kikubaaqudgha
Makhleb
Nemelex Xobeh
Okawaru
Qazlal
Ru
Sif Muna
Trog
Uskayaw
Vehumet
Xom
Yredelemnul
Zin
The Shining One

Shops:
D:4 *   D:7 (   D:8 *[

Annotations:
D:8 chain


Innate Abilities, Weirdness & Mutations

You have a pair of small horns on your head.
You are mostly covered in thin metallic scales. (AC +3)
You possess an exceptional clarity of mind.
You are clumsy. (Dex -2)
Your body sometimes deteriorates upon taking damage.


Message History

+0 ice dragon scales.
There is something else lying underneath.
The floor, spattered with blood.
You feel much better. The fire dragon completely misses you.
The fire dragon claws you but does no damage.
The fire dragon closely misses you. The fire dragon barely misses you.
The fire dragon claws you but does no damage.
The fire dragon tramples you but does no damage.
Your worker ant zombie barely misses the fire dragon.
You slice the fire dragon!!
You headbutt the fire dragon, but do no damage.
The fire dragon is severely wounded.
You hit the fire dragon but do no damage.
The fire dragon bites you but does no damage.
The fire dragon claws you but does no damage.
The fire dragon tramples you but does no damage.
The fire dragon breathes flames at you. The blast of flame hits you!
You die...
Your body rises from the dead as a mindless zombie.

##..# #.# #M...## #..##
#.## ##....# #...## #..#
#.....# # #....##
##..####.....# #
#...).###......).....## #
#.............)÷......# #
#.....................###
##........................
##..............@DZ.#######
#.[....#.........D..#....#≈
.#..###...........[.#.⌠..#≈
<.### #...########..#....##
### ##.## #..'...[.. ###
#..####... #..#≈≈#..
#..#≈≈#... #..#######


You could see 2 fire dragons and a friendly worker ant zombie.

Vanquished Creatures
  A minotaur (Lab)
  2 ice dragons (D:11)
  5 two-headed ogres
  A deep elf mage (D:10)
  An ugly thing (D:7)
  4 trolls
  A hornet (D:11)
  A slime creature (D:10)
  Grinder (D:4)
  11 yaks
  A wyvern (D:8)
  Eustachio (D:4)
  2 basilisks
  3 hungry ghosts (Lab)
  Menkaure (D:6)
  A soldier ant (D:11)
  A water moccasin (D:8)
  An orc warrior (D:9)
  A black bear (D:10)
  7 sky beasts
  An ice beast (D:7)
  A necrophage (D:7)
  A wolf (D:9)
  3 phantoms
  10 ogres
  10 centaurs
  A crocodile (D:8)
  4 big kobolds (D:9)
  4 bullfrogs
  3 gnoll sergeants (D:9)
  8 scorpions
  6 killer bees
  11 wights
  4 howler monkeys
  4 crimson imps
  A bullfrog zombie (D:11)
  A gnoll shaman (D:8)
  8 orc priests
  9 hounds
  2 jellies
  3 bullfrog skeletons
  3 iguanas
  5 worker ants
  8 orc wizards
  2 worker ant zombies
  10 gnolls
  13 adders
  A shadow imp (D:7)
  An ooze (D:1)
  An adder zombie (D:7)
  2 adder skeletons
  4 worms
  4 dart slugs
  10 leopard geckos
  42 orcs
  4 ball pythons
  8 bats
  7 giant cockroaches
  5 goblins
  7 hobgoblins
  7 jackals
  4 quokkas
  6 frilled lizards
  9 kobolds
  2 leopard gecko skeletons (D:7)
  A quokka skeleton (D:5)
  10 rats
318 creatures vanquished.

Vanquished Creatures (collateral kills)
  A centaur skeleton (D:10)
  2 yaks (D:9)
  Grum (D:9)
  2 hungry ghosts
  A steam dragon (D:8)
  An acid dragon (D:10)
  A sky beast (D:10)
  2 phantoms
  A wolf (D:9)
  2 ogres (D:9)
  A gnoll sergeant (D:9)
  10 wights
  A crimson imp (D:10)
  A jelly (D:9)
  2 orc wizards
  An orc priest (D:11)
  An iguana (D:9)
  An adder (D:9)
  A shadow imp (D:9)
  2 orcs
  A quokka (D:8)
36 creatures vanquished.

Vanquished Creatures (others)
  A wyvern zombie (D:8)
  A troll zombie (D:10)
  A wight (D:10)
  A yak skeleton (D:10)
  A wolf zombie (D:9)
  5 centaur zombies (D:11)
  A basilisk zombie (D:10)
  4 killer bee zombies (D:10)
  An acid dragon zombie (D:10)
  2 big kobold zombies (D:9)
  A hound zombie (D:9)
  2 mummies
  A scorpion zombie (D:10)
  5 orc zombies
27 creatures vanquished.

Grand Total: 381 creatures vanquished

Notes
Turn   | Place    | Note
-------+----------+-------------------------------------------
     0 | D:1      | Gremour the Hill Orc Fighter began the quest for the Orb.
     0 | D:1      | Reached XP level 1. HP: 19/19 MP: 1/1
   114 | D:1      | Reached XP level 2. HP: 25/26 MP: 2/2
   626 | D:1      | Reached XP level 3. HP: 30/31 MP: 3/3
  1099 | D:1      | Reached skill level 5 in Axes
  1240 | D:2      | Gained mutation: Your mind is acute. (Int +2) [potion of mutation]
  1240 | D:2      | Gained mutation: Your mind is very acute. (Int +4) [potion of mutation]
  1561 | D:2      | Reached XP level 4. HP: 34/39 MP: 4/4
  2041 | D:2      | Reached XP level 5. HP: 45/45 MP: 5/5
  2447 | D:3      | Found a faded altar of an unknown god.
  2516 | D:3      | Reached XP level 6. HP: 35/51 MP: 6/6
  2835 | D:3      | Noticed a phantom
  2854 | D:3      | Killed a phantom
  3119 | D:4      | Reached XP level 7. HP: 12/57 MP: 7/7
  3428 | D:4      | Reached skill level 10 in Axes
  3865 | D:4      | Noticed Grinder
  3880 | D:4      | Paralysed by Grinder for 3 turns
  3885 | D:4      | Killed Grinder
  4054 | D:4      | Noticed Eustachio
  4102 | D:4      | Killed Eustachio
  4102 | D:4      | Reached XP level 8. HP: 43/64 MP: 8/8
  4594 | D:4      | Found Efag's General Store.
  4901 | D:5      | Entered Level 5 of the Dungeon
  5930 | D:6      | Reached skill level 5 in Shields
  5943 | D:6      | Noticed Menkaure
  5959 | D:6      | Killed Menkaure
  5959 | D:6      | Reached XP level 9. HP: 10/70 MP: 9/9
  6637 | D:7      | Gained mutation: You are frail. (-10% HP) [mutagenic meat]
  6638 | D:7      | Gained mutation: Your body sometimes deteriorates upon taking damage. [mutagenic meat]
  6639 | D:7      | Lost mutation: You are frail. (-10% HP) [mutagenic meat]
  6640 | D:7      | Gained mutation: You are robust. (+10% HP) [mutagenic meat]
  6641 | D:7      | Gained mutation: You have sharp toenails. [mutagenic meat]
  6642 | D:7      | Gained mutation: You possess an exceptional clarity of mind. [mutagenic meat]
  7504 | D:7      | Noticed a red ugly thing
  7926 | D:7      | Found a staircase to the Ecumenical Temple.
  7946 | Temple   | Entered the Ecumenical Temple
  8023 | Temple   | Became a worshipper of Yredelemnul the Dark
  8247 | D:7      | Noticed a troll
  8266 | D:7      | Killed a troll
  8266 | D:7      | Reached skill level 5 in Fighting
  8399 | D:7      | HP: 2/81 [red ugly thing (18)]
  8402 | D:7      | Killed a red ugly thing
  8432 | D:7      | Lost mutation: You are robust. (+10% HP) [mutagenic meat]
  8433 | D:7      | Lost mutation: Your body sometimes deteriorates upon taking damage. [mutagenic meat]
  8636 | D:7      | Reached XP level 10. HP: 83/83 MP: 10/10
  8741 | D:7      | Found Ufuefevo's Antique Weapon Shop.
  8936 | D:7      | Bought a glowing war axe for 149 gold pieces
  9125 | D:8      | Found Hyph's Armour Shoppe.
  9126 | D:8      | Reached * piety under Yredelemnul
  9273 | D:8      | Noticed a two-headed ogre
  9284 | D:8      | Killed a two-headed ogre
  9284 | D:8      | Reached skill level 10 in Shields
  9428 | D:8      | Reached skill level 5 in Armour
  9475 | D:8      | Found a staircase to the Lair.
  9683 | D:8      | Noticed a two-headed ogre
  9693 | D:8      | Reached skill level 1 in Invocations
  9695 | D:8      | Killed a two-headed ogre
  9800 | D:8      | Found Nimias's General Store.
 10467 | D:9      | Noticed a two-headed ogre
 10469 | D:9      | Noticed a two-headed ogre
 10496 | D:9      | Killed a two-headed ogre
 10504 | D:9      | Killed a two-headed ogre
 10504 | D:9      | Reached XP level 11. HP: 97/97 MP: 11/13
 10553 | D:9      | Noticed Grum
 10559 | D:9      | Killed Grum
 10582 | D:9      | Found a staircase to the Orcish Mines.
 10599 | D:9      | Reached ** piety under Yredelemnul
 11431 | D:9      | Reached skill level 5 in Invocations
 11458 | D:9      | Reached *** piety under Yredelemnul
 11813 | D:10     | Entered Level 10 of the Dungeon
 11891 | D:10     | Reached skill level 10 in Fighting
 11895 | D:10     | Gained mutation: You are weak. (Str -2) [mutagenic meat]
 11896 | D:10     | Gained mutation: You are partially covered in molten scales. (AC +2) [mutagenic meat]
 11936 | D:10     | Noticed a two-headed ogre
 11966 | D:10     | Killed a two-headed ogre
 12018 | D:10     | Received a gift from Yredelemnul (a wight)
 12227 | D:10     | Noticed a deep elf mage
 12257 | D:10     | Killed a deep elf mage
 12588 | D:10     | Reached XP level 12. HP: 93/108 MP: 17/17
 12662 | D:10     | Reached **** piety under Yredelemnul
 12763 | D:10     | Received a gift from Yredelemnul (a mummy)
 12854 | D:10     | Gained mutation: Potions are less effective at restoring your health. [mutagenic meat]
 12855 | D:10     | Lost mutation: Your mind is very acute. (Int +4) [mutagenic meat]
 12856 | D:10     | Gained mutation: You are partially covered in thin metallic scales. (AC +2) [mutagenic meat]
 12857 | D:10     | Lost mutation: You are partially covered in molten scales. (AC +2) [mutagenic meat]
 12858 | D:10     | Lost mutation: You have sharp toenails. [potion of mutation]
 12858 | D:10     | Lost mutation: You are weak. (Str -2) [potion of mutation]
 12858 | D:10     | Lost mutation: Potions are less effective at restoring your health. [potion of mutation]
 12858 | D:10     | Lost mutation: Your mind is acute. (Int +2) [potion of mutation]
 12858 | D:10     | Gained mutation: You are mostly covered in thin metallic scales. (AC +3) [potion of mutation]
 13090 | D:11     | Gained mutation: Your body sometimes deteriorates upon taking damage. [mutagenic meat]
 13091 | D:11     | Gained mutation: You have a pair of small horns on your head. [mutagenic meat]
 13092 | D:11     | Gained mutation: You are clumsy. (Dex -2) [mutagenic meat]
 13392 | D:11     | Found a labyrinth entrance.
 13408 | Lab      | Entered a labyrinth
 13750 | Lab      | Received a gift from Yredelemnul (a mummy)
 14251 | Lab      | Noticed a minotaur
 14272 | Lab      | Killed a minotaur
 14342 | Lab      | Got a brightly glowing pewter ring
 14611 | D:11     | Got a translucent cloak
 14622 | D:11     | Identified the +1 cloak of Hedge Wizardry {-Cast +Inv rElec Dex+6} (You found it on level 11 of the Dungeon)
 14635 | D:11     | Found a runed door.
 14641 | D:11     | Noticed an ice dragon
 14642 | D:11     | Noticed a fire dragon
 14644 | D:11     | Noticed an ice dragon
 14645 | D:11     | Noticed a fire dragon
 14813 | D:8      | Bought the +2 pair of gloves "Qypoeck" {-Cast MR+ Regen+ Dex+9} for 468 gold pieces
 14932 | D:11     | Killed an ice dragon
 14937 | D:11     | Killed an ice dragon
 14940 | D:11     | Killed from afar by a fire dragon

Skill      XL: |  1  2  3  4  5  6  7  8  9 10 11 12 |
---------------+-------------------------------------+-----
Axes           | 3 4 5 6 8 9 11 13 14 | 14.5
Shields        | 5 8 11 13 14 | 14.1
Fighting       | 5 9 10 11 | 11.4
Armour         | 6 7 8 |  8.2
Invocations    | 2 6 8 |  8.0
Evocations     | |  0.4

Action                   |  1- 3 |  4- 6 |  7- 9 | 10-12 || total
-------------------------+-------+-------+-------+-------++-------
Melee: War axe           |   134 |   182 |   409 |   421 ||  1146
       Kick              |       |       |    33 |   105 ||   138
       Executioner's axe |       |       |       |    21 ||    21
       Headbutt          |       |       |       |    20 ||    20
Invok: Animate Remains   |       |       |       |    20 ||    20
       Animate Dead      |       |       |       |    18 ||    18
       Injury Mirror     |       |       |       |     2 ||     2
Evoke: Fan of gales      |       |       |       |     1 ||     1
       Wand              |       |       |       |     2 ||     2
  Use: Potion            |     4 |       |     5 |     6 ||    15
       Scroll            |       |       |     5 |    23 ||    28
 Stab: Distracted        |       |       |       |     4 ||     4
  Eat: Chunk             |     2 |     6 |    19 |    36 ||    63
       Fruit             |       |       |     3 |     5 ||     8
       Meat ration       |       |       |     1 |     1 ||     2
Armor: Scale mail        |    52 |    81 |    30 |       ||   163
       Skin              |       |       |     8 |     9 ||    17
       Leather armour    |       |       |    67 |       ||    67
       Plate armour      |       |       |     4 |   190 ||   194
Dodge: Dodged            |    46 |    52 |    94 |    81 ||   273
Block: Shield            |    59 |    94 |   150 |   263 ||   566
